 Dungeon Crawl Stone Soup version 0.32-a0-935-g6cb2a80 (webtiles) character file.

Game seed: 14090815853907841848

9265 Dorkslayer the Cleaver (level 11, -2/92 HPs)
             Began as a Mountain Dwarf Fighter on Apr 14, 2024.
             Was an Initiate of Gozag.
             Slain by Urug
             ... wielding a +1 war axe of freezing
              (6 damage)
             ... on level 10 of the Dungeon.
             The game lasted 00:25:45 (9089 turns).

Dorkslayer the Cleaver (Mountain Dwarf Fighter)     Turns: 9089, Time: 00:25:46

Health: -2/92      AC: 15    Str: 20    XL:     11   Next: 20%
Magic:  11/11      EV:  7    Int: 10    God:    Gozag
Gold:   804        SH: 11    Dex: 17    Spells: 10/10 levels left

rFire   . . .        D - +8 mithril axe "Arga" {speed, Will+}
rCold   . . .        c - +0 buckler
rNeg    . . .        y - +0 plate armour
rPois   +            h - +0 helmet
rElec   .            (no cloak)
rCorr   .            (no gloves)
SInv    .            (no boots)
Will    ++...        k - amulet of reflection Stlth
                     z - ring of poison resistance
HPRegen 0.35/turn    d - +6 ring of dexterity
MPRegen 0.12/turn

%: reflection
@: gold aura, studying Short Blades
A: runic magic, artefact enchanting
a: Renounce Religion, Potion Petition, Call Merchant, Bribe Branch


You were on level 10 of the Dungeon.
You worshipped Gozag.
Gozag was pleased with you.
You visited 2 branches of the dungeon, and saw 11 of its levels.
You also visited: Ossuary and Bailey.

You collected 1520 gold pieces.
You spent 532 gold pieces at shops.
You paid 184 gold pieces to Gozag.

Inventory:

Hand Weapons
 a - a +0 war axe
 r - a +1 heavy hand axe
 u - a +0 broad axe
 B - a +0 war axe
 D - the +8 mithril axe "Arga" (weapon) {speed, Will+}
   (You acquired it in a bailey)

   Will+:     It increases your willpower.
Missiles
 m - 5 silver javelins (quivered)
 o - 2 javelins
 t - 5 boomerangs
 Q - a curare-tipped dart
Armour
 c - a +0 buckler (worn)
 h - a +0 helmet (worn)
 y - a +0 plate armour (worn)
Jewellery
 b - a ring of see invisible
 d - a +6 ring of dexterity (right hand)
 e - a ring of protection from fire
 k - an amulet of reflection (around neck)
 z - a ring of poison resistance (left hand)
 J - an amulet of magic regeneration
 L - an amulet of regeneration
Wands
 v - a wand of polymorph (10)
 E - a wand of digging (5)
 O - a wand of paralysis (7)
Scrolls
 g - 2 scrolls of blinking
 q - 7 scrolls of fog
 x - a scroll of amnesia
 G - 5 scrolls of revelation
 K - 2 scrolls of immolation
 M - a scroll of teleportation
 P - a scroll of poison
Potions
 f - 4 potions of curing
 i - a potion of experience {unknown}
 j - 6 potions of lignification
 l - 2 potions of invisibility
 n - 4 potions of haste
 p - 4 potions of heal wounds
 s - 4 potions of enlightenment
 w - 3 potions of brilliance {unknown}
 A - a potion of resistance {unknown}
 C - a potion of attraction {unknown}
 F - 4 potions of magic
 H - 2 potions of berserk rage
 I - 3 potions of cancellation
 N - 3 potions of mutation {unknown}
 R - a potion of might


   Skills:
 + Level 7.5 Fighting
 + Level 11.9 Axes
 + Level 1.0 Throwing
 + Level 8.5 Armour
 + Level 5.1 Dodging
 + Level 0.5 Stealth
 + Level 7.4 Shields
 * Level 6.6 Evocations


You had 10 spell levels left.
You didn't know any spells.
Your spell library contained the following spells:

 Spells                   Type           Power      Damage    Failure   Level
 Foxfire                  Conj/Fire      0%         2x1d4     67%         1
 Summon Small Mammal      Summ           0%         N/A       67%         1
 Call Canine Familiar     Summ           0%         N/A       96%         3
 Fugue of the Fallen      Necr           0%         N/A       96%         3
 Ozocubu's Armour         Ice            0%         N/A       96%         3
 Summon Blazeheart Golem  Fire/Summ      0%         N/A       100%        4
 Plasma Beam              Fire/Air       0%         2x1d10    100%        6
 Starburst                Conj/Fire      0%         6d3       100%        6
 Manifold Assault         Tloc           0%         N/A       100%        7


Dungeon Overview and Level Annotations

Branches:
Dungeon (10/15)            Temple (1/1) D:6         Ossuary (visited)
 Bailey (visited)
   Lair: D:8-11         Orc: D:9-12

Altars:
Ashenzari
Cheibriados
Dithmenos
Elyvilon
Fedhas
Gozag
Hepliaklqana
Kikubaaqudgha
Makhleb
Nemelex Xobeh
Okawaru
Qazlal
Ru
Sif Muna
Trog
Uskayaw
Vehumet
Wu Jian
Xom
Yredelemnul
Zin
The Shining One

Shops:
D:2 [   D:8 ?

Annotations:
D:10 Urug


Innate Abilities, Weirdness & Mutations

Your spellcasting is much less encumbered by armour.
You can use scrolls of enchantment on lesser artefacts.


Message History

You now have 804 gold pieces (gained 11).
Found a ring mail.
There is a stone staircase leading down here.
There is a stone staircase leading down here.
There is a stone staircase leading down here.
You see here a +0 dagger.
There is a stone staircase leading up here.
Done exploring.
There is a stone staircase leading down here.
You climb downwards.
There is a stone staircase leading up here.
Found a falchion.
Found a buckler.
A wyvern comes into view.
Urug the Orcish Ballista comes into view.
She is wielding a +1 war axe of freezing.
Urug shouts!
The wyvern hisses angrily.
Urug throws a javelin.
The javelin pierces through you!! You block the wyvern's attack.
You barely miss the wyvern. The wyvern bites you!
You completely miss the wyvern. The wyvern bites you.
You hit the wyvern.
The wyvern is lightly wounded.
The wyvern bites you but does no damage.
You slash the wyvern!
The wyvern is heavily wounded.
The wyvern bites you but does no damage.
You slash the wyvern!
You kill the wyvern!
Urug hits you with a +1 war axe of freezing!
Urug freezes you.
You see here 22 gold pieces.
Urug hits you with a +1 war axe of freezing!
Urug freezes you.
* * * LOW HITPOINT WARNING * * *
Urug hits you with a +1 war axe of freezing!!
* * * LOW HITPOINT WARNING * * *
Urug freezes you.
You die...
Urug screams, "Revenge at last!"
Your body crumbles into a pile of gold.

###...# ##### .#
#....##.##
##........#
#....###.....
##.###)[.....#
####............#
#..##...###### ##
#.......#
#...#.@o.+ #..
#..$.# #.....##.#
#..#.. #.#
#...... ..#
#...... ..#
....... ..#
##.##.....# ..
... .#


You could see Urug.

Vanquished Creatures
  2 vault guards (Bailey)
  Pikel (D:6)
  A manticore (D:9)
  Psyche (D:8)
  Grinder (D:6)
  Prince Ribbit (Bailey)
  Sigmund (D:2)
  9 yaks
  A wyvern (D:10)
  5 humans (Bailey)
  A wraith (D:9)
  2 steam dragons (D:8)
  Menkaure (D:4)
  3 orc warriors
  2 ice beasts (D:7)
  A sky beast (D:7)
  A black bear (D:5)
  2 ogres (D:5)
  2 centaurs
  4 lemures (D:6)
  A phantom (D:6)
  3 kobold brigands
  10 bullfrogs
  9 scorpions
  3 wights (D:8)
  4 killer bees (D:8)
  A bombardier beetle (D:4)
  3 hounds
  A jelly (D:5)
  2 orc priests
  2 gnoll boudas
  A sleepcap (D:7)
  3 iguanas
  8 orc wizards
  8 mummies (Ossuary)
  6 gnolls
  13 adders
  4 white imps
  7 ufetubi
  2 dart slugs
  24 orcs
  7 endoplasms
  2 giant cockroaches
  2 gnoll zombies (Ossuary)
  6 goblins
  10 hobgoblins
  3 quokkas
  5 ball pythons
  8 bats
  6 frilled lizards
  2 hobgoblin zombies (Ossuary)
  24 kobolds
  4 orc zombies (Ossuary)
  7 rats
243 creatures vanquished.

Vanquished Creatures (others)
  A gnoll (D:8)
1 creature vanquished.

Grand Total: 244 creatures vanquished

Notes
Turn   | Place    | Note
-------+----------+-------------------------------------------
     0 | D:1      | Dorkslayer the Mountain Dwarf Fighter began the quest for
                  | the Orb.
     0 | D:1      | Reached XP level 1. HP: 19/19 MP: 1/1
   144 | D:1      | Reached XP level 2. HP: 26/26 MP: 2/2
   531 | D:1      | Reached skill level 3 in Axes
   674 | D:2      | Found Xewots's Armour Boutique.
   678 | D:2      | Reached XP level 3. HP: 31/31 MP: 3/3
   886 | D:2      | Noticed Sigmund
   903 | D:2      | Killed Sigmund
   904 | D:2      | Reached skill level 4 in Axes
   904 | D:2      | Reached skill level 1 in Dodging
   904 | D:2      | Reached XP level 4. HP: 17/40 MP: 4/4
   904 | D:2      | Reached XP level 5. HP: 19/46 MP: 5/5
  1619 | D:3      | Reached XP level 6. HP: 37/52 MP: 6/6
  1889 | D:3      | Reached skill level 5 in Axes
  2204 | D:4      | Found a glowing silver altar of Zin.
  2264 | D:4      | Found a sand-covered staircase.
  2271 | Ossuary  | Entered an ossuary
  3123 | D:4      | Reached XP level 7. HP: 59/60 MP: 7/7
  3197 | D:4      | Noticed Menkaure
  3218 | D:4      | HP: 2/60 [Menkaure (11)]
  3219 | D:4      | Killed Menkaure
  3220 | D:4      | Reached skill level 6 in Axes
  3220 | D:4      | Reached skill level 5 in Armour
  3644 | D:5      | Entered Level 5 of the Dungeon
  3719 | D:5      | Found a radiant altar of Vehumet.
  3983 | D:5      | Found a stormy altar of Qazlal.
  3983 | D:5      | Found a sacrificial altar of Ru.
  4268 | D:5      | Reached skill level 5 in Shields
  4268 | D:5      | Reached XP level 8. HP: 46/67 MP: 8/8
  4281 | D:5      | Reached skill level 5 in Fighting
  4288 | D:5      | Reached skill level 7 in Axes
  4306 | D:5      | Identified the +0 robe of a treasure trove {rCorr Stlth+}
  4773 | D:6      | Noticed Grinder
  4792 | D:6      | Paralysed by Grinder for 5 turns
  4797 | D:6      | Killed Grinder
  4798 | D:6      | Reached skill level 1 in Evocations
  5032 | D:6      | Noticed Pikel
  5079 | D:6      | Killed Pikel
  5080 | D:6      | Reached skill level 8 in Axes
  5120 | D:6      | Reached XP level 9. HP: 38/75 MP: 9/9
  5519 | D:6      | Found a staircase to the Ecumenical Temple.
  5533 | Temple   | Entered the Ecumenical Temple
  5552 | Temple   | Became a worshipper of Gozag Ym Sagoz the Greedy
  5884 | D:6      | Found a broken altar of Ashenzari.
  6086 | D:7      | Reached skill level 9 in Axes
  6306 | D:7      | Found a hide-covered altar of Uskayaw.
  6771 | D:8      | Found a flagged portal.
  6782 | Bailey   | Entered a bailey
  6832 | Bailey   | Reached XP level 10. HP: 28/84 MP: 10/10
  7042 | Bailey   | Reached skill level 10 in Axes
  7098 | Bailey   | Noticed Prince Ribbit
  7098 | Bailey   | Noticed a vault guard
  7111 | Bailey   | Killed a vault guard
  7111 | Bailey   | Killed Prince Ribbit
  7112 | Bailey   | Reached skill level 1 in Throwing
  7112 | Bailey   | Reached skill level 5 in Evocations
  7149 | Bailey   | Identified a scroll of acquirement
  7149 | Bailey   | Acquired the +8 mithril axe "Arga" {speed, Will+}
  7149 | Bailey   | Found the +8 mithril axe "Arga" {speed, Will+}
  7167 | Bailey   | Noticed a vault guard
  7206 | Bailey   | Killed a vault guard
  7207 | Bailey   | Reached skill level 5 in Dodging
  7506 | D:8      | Identified the +1 robe of the Realm of Zot {^Contam rElec
                  | Will+ Dex+4}
  7539 | D:8      | Found Naso Enyje's Magic Scroll Shop.
  7563 | D:8      | Bought a scroll of revelation for 97 gold pieces
  7563 | D:8      | Bought a scroll of immolation for 52 gold pieces
  7563 | D:8      | Bought a scroll of identify for 26 gold pieces
  7563 | D:8      | Bought a scroll of identify for 26 gold pieces
  7563 | D:8      | Bought 3 scrolls of revelation for 292 gold pieces
  7563 | D:8      | Bought a scroll of teleportation for 39 gold pieces
  7706 | D:8      | Reached skill level 11 in Axes
  7774 | D:8      | Noticed Psyche
  7781 | D:8      | Killed Psyche
  8306 | D:9      | Reached XP level 11. HP: 92/92 MP: 11/11
  9064 | D:10     | Entered Level 10 of the Dungeon
  9079 | D:10     | Noticed Urug
  9089 | D:10     | HP: 4/92 [Urug/+1 war axe of freezing (23)]
  9089 | D:10     | Slain by Urug

Illustrated notes

Levels and vault maps discovered:
D:1:      mrwooster_arrival_statue, layout_basic, minmay_ruptured
D:2:      layout_basic, serial_shops, nicolae_shop_stone, uniq_sigmund
D:3:      layout_loops_ring
D:4:      layout_cave_pods, mainiacjoe_overflow_tiny_flanked,
          nicolae_ossuary_entry_monument, kennysheep_generic_room_7,
          uniq_menkaure
D:5:      layout_rooms, old_standard_altar, gammafunk_temple_overflow_wave,
          st_stairs_4, minmay_manual_mail
D:6:      cheibrodos_two_vegetables, layout_loops_cross,
          mainiacjoe_overflow_alcove_4, minmay_temple_entry_offerings,
          uniq_crazy_yiuf_cottage, uniq_pikel, uniq_grinder
D:7:      old_forge, layout_rooms, nicolae_uskayaw_dance_studio
D:8:      layout_loops_ring, enter_bailey_6, serial_shops, shop, uniq_psyche
D:9:      layout_loops_cross
D:10:     layout_cave_pools, hiddenorc2_lemuel, uniq_nergalle, uniq_urug
Temple:   eino_temple_scatter_basement

Skill      XL: |  1  2  3  4  5  6  7  8  9 10 |
---------------+-------------------------------+-----
Axes           | 3 4 5 6 8 9 11 | 11.9
Fighting       | 4 5 6 7 |  7.5
Armour         | 4 5 6 7 8 |  8.5
Dodging        | 1 2 3 4 5 |  5.1
Shields        | 4 5 6 7 |  7.4
Evocations     | 2 4 6 |  6.6
Throwing       | 1 |  1.0
Stealth        | |  0.5

Action                     |  1- 3 |  4- 6 |  7- 9 | 10-12 || total
---------------------------+-------+-------+-------+-------++-------
  Melee: War axe           |   104 |   146 |   468 |     2 ||   720
         Unarmed           |       |       |     1 |       ||     1
         Broad axe         |       |       |       |   176 ||   176
         Hand axe          |       |       |       |    32 ||    32
  Throw: Javelin           |       |     2 |     7 |     2 ||    11
    Use: Potion            |     1 |     1 |     3 |     8 ||    13
         Scroll            |       |     6 |     6 |     8 ||    20
   Stab: Distracted        |       |       |     1 |     1 ||     2
 Armour: Scale mail        |    83 |    86 |   199 |       ||   368
         Chain mail        |       |       |   121 |    32 ||   153
         Plate armour      |       |       |       |   111 ||   111
  Dodge: Dodged            |    46 |    43 |   173 |    39 ||   301
  Block: Buckler           |    31 |    82 |   287 |   101 ||   501
         Reflection        |       |       |     5 |     1 ||     6

Table legend: (Time is in decaauts)
 A = Elapsed time spent in this place.
 B = Non-inter-level travel time spent in this place.
 C = Inter-level travel time spent in this place.
 D = Time resting spent in this place.
 E = Time spent auto-exploring this place.
 F = Levels seen in this place.
 G = Mean time per level.
                   A        B        C        D        E       F      G
               +--------+--------+--------+--------+--------+-----+--------+
         Total |   9221 |   9221 |      0 |    253 |   5195 |  13 |  709.3 |
       Dungeon |   7980 |   7980 |      0 |      0 |   4757 |  10 |  798.0 |
        Temple |     39 |     39 |      0 |      0 |      0 |   1 |   39.0 |
       Ossuary |    475 |    475 |      0 |    253 |      9 |   1 |  475.0 |
        Bailey |    725 |    725 |      0 |      0 |    429 |   1 |  725.0 |
               +--------+--------+--------+--------+--------+-----+--------+

Top non-repeatable levels by time:
     D:5: 1154 daAuts
     D:6: 1153 daAuts
     D:4: 1076 daAuts
     D:9: 905 daAuts
     D:7: 823 daAuts
     D:3: 802 daAuts
     D:2: 755 daAuts
  Bailey: 725 daAuts
     D:8: 664 daAuts
     D:1: 623 daAuts
 Ossuary: 475 daAuts
  Temple: 39 daAuts
    D:10: 23 daAuts
